 Dungeon Crawl Stone Soup version 0.27-a0-1188-g73eefd5def (webtiles) character file.

Game seed: 5464621273239856549

233 leviel the Slasher (level 6, -2/53 HPs)
             Began as a Hill Orc Monk on May 21, 2021.
             Engulfed by a steam dragon's steam (9 damage)
             ... on level 4 of the Dungeon.
             The game lasted 00:04:23 (3560 turns).

leviel the Slasher (Hill Orc Monk)                  Turns: 3560, Time: 00:04:23

Health: -2/53      AC: 10    Str: 20    XL:     6   Next: 4%
Magic:  0/6        EV: 11    Int: 10    God:
Gold:   101        SH:  4    Dex: 13    Spells: 5/5 levels left

rFire    . . .     SeeInvis .   a - +0 falchion
rCold    . . .     Faith    .   d - +0 buckler
rNeg     . . .     Spirit   +   j - +0 ring mail
rPois    +         Reflect  .   (no helmet)
rElec    .         Harm     .   k - +2 cloak {rPois}
rCorr    +         Rampage  .   i - +1 pair of gloves
Will     .....                  (no boots)
Stlth    ++........             f - amulet of guardian spirit
HPRegen  0.17/turn              c - ring of Gozag's Generosity {rCorr Str+4 Slay+2}
MPRegen  0.10/turn              (no ring)

@: no status effects
A: no striking features
a: no special abilities


You were on level 4 of the Dungeon.
You visited 1 branch of the dungeon, and saw 4 of its levels.

You collected 101 gold pieces.

Inventory:

Hand Weapons
 a - a +0 falchion (weapon)
Armour
 d - a +0 buckler (worn)
 i - a +1 pair of gloves (worn)
 j - a +0 ring mail (worn)
 k - a +2 cloak of poison resistance (worn)
Jewellery
 c - the ring of Gozag's Generosity (left hand) {rCorr Str+4 Slay+2}
   (You acquired it on level 2 of the Dungeon)

   [ring of resist corrosion]

   It affects your strength (+4).
   It affects your accuracy and damage with ranged weapons and melee attacks
   (+2).
   It protects you from acid and corrosion.
 f - an amulet of guardian spirit (around neck)
Scrolls
 e - a scroll of enchant armour {@r2}
 g - a scroll of fog
Potions
 h - a potion of curing


   Skills:
 + Level 4.4 Fighting
 + Level 5.0 Long Blades
 + Level 3.0 Dodging
 + Level 3.2 Stealth
 + Level 1.1 Shields


You had 5 spell levels left.
You didn't know any spells.
Your spell library was empty.

Dungeon Overview and Level Annotations

Branches:
Dungeon (4/15)
 Temple: D:4-7

Altars:

Annotations:
D:3 Sigmund


Message History

You are engulfed in a cloud of scalding steam.
You block the steam dragon's attack.
The steam dragon claws you but does no damage.
Unknown command.
You completely miss the steam dragon.
The steam dragon is almost dead.
You are engulfed in a cloud of scalding steam.
You block the steam dragon's attack. The steam dragon closely misses you.
The steam dragon closely misses you.
The steam dragon claws you but does no damage.
You hit the steam dragon but do no damage.
The steam dragon is almost dead.
The steam dragon bites you but does no damage.
The steam dragon barely misses you.
You closely miss the steam dragon.
The steam dragon is almost dead.
The steam dragon bites you but does no damage.
The steam dragon closely misses you.
You closely miss the steam dragon.
The steam dragon is almost dead.
The steam dragon bites you but does no damage.
The steam dragon claws you but does no damage.
The steam dragon breathes steam at you. The ball of steam hits you!
Your ring mail prevents you from hitting the steam dragon.
The steam dragon is almost dead.
You are engulfed in a cloud of scalding steam.
The steam dragon breathes steam at you. The ball of steam hits you!
* * * LOW HITPOINT WARNING * * *
Unknown command.
You closely miss the steam dragon.
The steam dragon is almost dead.
You are engulfed in a cloud of scalding steam.
The steam dragon barely misses you.
The steam dragon claws you but does no damage.
You hit the steam dragon but do no damage.
The steam dragon is almost dead.
You are engulfed in a cloud of scalding steam.
You die...

#.######.#
#.# #.# #.#
#.# #.###.#
#.## #.#
#.....#
###..#
#.#########
+....#
#..........
##.#.##
###########
#....#
##§#.#
#@D.# ##§.#
#..## ##..#
#..# #..##
##..# #..#
#######.##


You could see a steam dragon (catching breath).

Vanquished Creatures
  A scorpion (D:4)
  A jelly (D:4)
  An iguana (D:4)
  4 gnolls (D:3)
  2 adders
  An ufetubus (D:3)
  A worm (D:2)
  2 dart slugs
  An orc (D:3)
  5 bats
  3 endoplasms
  2 giant cockroaches
  3 goblins
  3 hobgoblins
  3 jackals (D:1)
  3 quokkas (D:1)
  6 ball pythons
  4 frilled lizards
  2 kobolds
  8 rats
56 creatures vanquished.

Notes
Turn   | Place    | Note
-------+----------+-------------------------------------------
     0 | D:1      | leviel the Hill Orc Monk began the quest for the Orb.
     0 | D:1      | Reached XP level 1. HP: 19/19 MP: 1/1
   428 | D:1      | Reached XP level 2. HP: 13/27 MP: 2/2
  1267 | D:1      | Reached XP level 3. HP: 33/33 MP: 3/3
  1324 | D:1      | Reached skill level 4 in Long Blades
  2028 | D:2      | Identified a scroll of acquirement
  2028 | D:2      | Acquired the ring of Gozag's Generosity {rCorr Str+4
                  | Slay+2}
  2565 | D:3      | Reached XP level 4. HP: 35/40 MP: 4/4
  2980 | D:3      | Noticed Sigmund
  3009 | D:4      | Noticed a scorpion
  3017 | D:4      | Killed a scorpion
  3018 | D:4      | Reached XP level 5. HP: 10/46 MP: 5/5
  3275 | D:4      | Reached skill level 5 in Long Blades
  3395 | D:4      | Reached skill level 1 in Shields
  3395 | D:4      | Reached XP level 6. HP: 53/53 MP: 6/6
  3468 | D:4      | Noticed a black bear
  3533 | D:4      | Noticed a steam dragon
  3560 | D:4      | Engulfed by a steam dragon's steam

Illustrated notes

Levels and vault maps discovered:
D:1:      lightli_arrival_noodles, layout_basic, grunt_decor_mini_mirrors,
          nrook_campfire, minivault_23
D:2:      layout_loops_cross, serial_rivers, chequers_serial_rivers_room_b,
          chequers_serial_rivers_micro_d, chequers_serial_rivers_large_b,
          chequers_serial_rivers_small_b, corner_web_ring
D:3:      layout_loops_ring, kennysheep_decorative_pillar, uniq_sigmund
D:4:      layout_basic, minmay_checkerbox, uniq_pikel

Skill      XL: |  1  2  3  4  5 |
---------------+----------------+-----
Long Blades    | 4 5 |  5.0
Stealth        | 2 3 |  3.2
Fighting       | 4 |  4.4
Dodging        | 3 |  3.0
Shields        | 1 |  1.1

Action                   |  1- 3 |  4- 6 || total
-------------------------+-------+-------++-------
Melee: Falchion          |   121 |    71 ||   192
  Use: Scroll            |     3 |     5 ||     8
       Potion            |       |     1 ||     1
 Stab: Sleeping          |     7 |     3 ||    10
Armor: Robe              |    36 |    20 ||    56
       Ring mail         |       |    15 ||    15
Dodge: Dodged            |    74 |    50 ||   124
Block: Buckler           |    22 |    12 ||    34
       Rpst.: Falchion   |    26 |    16 ||    42

Table legend: (Time is in decaauts)
 A = Elapsed time spent in this place.
 B = Non-inter-level travel time spent in this place.
 C = Inter-level travel time spent in this place.
 D = Time resting spent in this place.
 E = Time spent auto-exploring this place.
 F = Levels seen in this place.
 G = Mean time per level.
                   A        B        C        D        E       F      G
               +--------+--------+--------+--------+--------+-----+--------+
         Total |   3618 |   3502 |    116 |    891 |   2083 |   4 |  904.5 |
       Dungeon |   3618 |   3502 |    116 |    891 |   2083 |   4 |  904.5 |
               +--------+--------+--------+--------+--------+-----+--------+

Top non-repeatable levels by time:
     D:1: 1765 daAuts
     D:2: 836 daAuts
     D:4: 554 daAuts
     D:3: 461 daAuts
